 Dungeon Crawl Stone Soup version 0.32-a0-900-g30fb1b0edc (webtiles) character file.

Game seed: 1275207521410384497

75 GiantSquids the Chopper (level 4, -1/38 HPs)
             Began as a Mountain Dwarf Fighter on Apr 5, 2024.
             Killed by nerve-wracking pain
             ... invoked by Grinder
              (12 damage)
             ... on level 3 of the Dungeon.
             The game lasted 00:02:26 (1373 turns).

GiantSquids the Chopper (Mountain Dwarf Fighter)    Turns: 1373, Time: 00:02:26

Health: -1/38      AC: 10    Str: 20    XL:     4   Next: 11%
Magic:  4/4        EV:  8    Int:  9    God:
Gold:   104        SH:  4    Dex:  9    Spells: 3/3 levels left

rFire   . . .        s - +7 short sword of Zuafum {drain, rCorr}
rCold   . . .        c - +0 buckler
rNeg    . . .        b - +0 scale mail
rPois   .            k - +2 hat
rElec   .            q - +0 cloak
rCorr   +            (no gloves)
SInv    .            (no boots)
Will    .....        (no amulet) Stlth
                     (no ring)
HPRegen 0.26/turn    (no ring)
MPRegen 0.09/turn

%: no passive effects
@: no status effects
A: runic magic, artefact enchanting
a: no special abilities


You were on level 3 of the Dungeon.
You visited 1 branch of the dungeon, and saw 3 of its levels.

You collected 104 gold pieces.

Inventory:

Hand Weapons
 a - a +0 war axe
 s - the +7 short sword of Zuafum (weapon) {drain, rCorr}
   (You found it on level 2 of the Dungeon)

   rCorr:     It protects you from acid and corrosion.
Armour
 b - a +0 scale mail (worn)
 c - a +0 buckler (worn)
 k - a +2 hat (worn)
 q - a +0 cloak (worn)
Scrolls
 e - 3 scrolls of identify {unknown}
 f - 2 scrolls of fog {unknown}
 h - a scroll of teleportation {unknown}
 i - a scroll of immolation {unknown}
 j - a scroll of butterflies {unknown}
 n - a scroll of fear {unknown}
Potions
 d - 2 potions of might
 g - a potion of magic {unknown}
 l - 2 potions of curing {unknown}
 m - a potion of berserk rage {unknown}
 o - a potion of lignification {unknown}
 p - 2 potions of mutation {unknown}
 r - 2 potions of heal wounds {unknown}
 t - a potion of attraction {unknown}


   Skills:
 - Level 3.2 Fighting
 + Level 5.4 Axes
 - Level 3.2 Armour
 - Level 3.2 Shields


You had 3 spell levels left.
You didn't know any spells.
Your spell library was empty.

Dungeon Overview and Level Annotations

Branches:
Dungeon (3/15)

Altars:

Annotations:
D:3 Grinder


Innate Abilities, Weirdness & Mutations

Your spellcasting is much less encumbered by armour.
You can use scrolls of enchantment on lesser artefacts.


Message History

You hit Grinder but do no damage. Grinder gestures at you.
Pain shoots through your body!
You barely miss Grinder. Grinder hits you but does no damage.
You hit Grinder.
Grinder is lightly wounded.
Grinder hits you but does no damage.
You barely miss Grinder.
Grinder is lightly wounded.
Grinder barely misses you.
You hit Grinder.
Grinder is lightly wounded.
Grinder hits you but does no damage.
You closely miss Grinder.
Grinder is lightly wounded.
Grinder says, "Mostly I couldn't keep them alive."
Grinder gestures at you. Pain shoots through your body!
You puncture Grinder!
Grinder is moderately wounded.
Grinder hits you.
You writhe in agony.
You puncture Grinder!
Grinder is heavily wounded.
Grinder hits you but does no damage.
You closely miss Grinder.
Grinder is heavily wounded.
Grinder hits you but does no damage.
You hit Grinder.
Grinder is severely wounded.
Grinder hits you.
You writhe in agony.
* * * LOW HITPOINT WARNING * * *
You barely miss Grinder.
Grinder is severely wounded.
Grinder closely misses you.
You puncture Grinder!
Grinder is almost dead.
Grinder gestures at you. Pain shoots through your body!
You die...
Grinder says, "Hey, I wasn't done torturing you yet!"

#...# ..... #...
###..### ...... ..#
#..# #.#
####..#####.# #+#
#...@5...##.# #.#
#.##......#.# #.#
#.###.##†.#.###.##
#.# #.##..#.##...####
#.# #<##.............
............##...####
###############.##
#.# #.#


You could see Grinder.

Vanquished Creatures
  3 adders
  A dart slug (D:1)
  2 ribbon worms (D:2)
  2 bats
  8 endoplasms
  5 hobgoblins
  5 kobolds
  3 quokkas
  2 ball pythons (D:1)
  2 frilled lizards (D:1)
  2 goblins (D:1)
  5 rats
40 creatures vanquished.

Notes
Turn   | Place    | Note
-------+----------+-------------------------------------------
     0 | D:1      | GiantSquids the Mountain Dwarf Fighter began the quest for
                  | the Orb.
     0 | D:1      | Reached XP level 1. HP: 19/19 MP: 1/1
   369 | D:1      | Reached skill level 3 in Axes
   373 | D:1      | Reached XP level 2. HP: 26/26 MP: 2/2
   653 | D:1      | Reached skill level 4 in Axes
   915 | D:2      | Reached XP level 3. HP: 30/31 MP: 3/3
  1125 | D:2      | Reached skill level 5 in Axes
  1152 | D:2      | Identified the +7 short sword of Zuafum {drain, rCorr}
  1290 | D:3      | Reached XP level 4. HP: 38/38 MP: 4/4
  1341 | D:3      | Noticed Grinder
  1373 | D:3      | Killed from afar by Grinder

Illustrated notes

Levels and vault maps discovered:
D:1:      beargit_arrival_greenhouse, layout_loops_corners
D:2:      layout_rooms
D:3:      layout_loops_corners, chequers_temple_overflow_minitemple,
          serial_shops, nicolae_shop_statue_plus, eino_curves_02, uniq_grinder,
          uniq_sigmund

Skill      XL: |  1  2  3 |
---------------+----------+-----
Axes           | 3 4 5 |  5.4
Fighting       | |  3.2
Armour         | |  3.2
Shields        | |  3.2

Action                     |  1- 3 |  4- 6 || total
---------------------------+-------+-------++-------
  Melee: War axe           |   113 |       ||   113
         Short sword       |     4 |    14 ||    18
 Armour: Scale mail        |    89 |     9 ||    98
  Dodge: Dodged            |    47 |     2 ||    49
  Block: Buckler           |    20 |       ||    20

Table legend: (Time is in decaauts)
 A = Elapsed time spent in this place.
 B = Non-inter-level travel time spent in this place.
 C = Inter-level travel time spent in this place.
 D = Time resting spent in this place.
 E = Time spent auto-exploring this place.
 F = Levels seen in this place.
 G = Mean time per level.
                   A        B        C        D        E       F      G
               +--------+--------+--------+--------+--------+-----+--------+
         Total |   1410 |   1348 |     62 |      0 |   1001 |   3 |  470.0 |
       Dungeon |   1410 |   1348 |     62 |      0 |   1001 |   3 |  470.0 |
               +--------+--------+--------+--------+--------+-----+--------+

Top non-repeatable levels by time:
     D:1: 923 daAuts
     D:2: 399 daAuts
     D:3: 88 daAuts
